 Dungeon Crawl Stone Soup version 0.23.2-1-ga50397a6bc (webtiles) character file.

Game seed: 15147184541348038352

1220 Mrkan the Grappler (level 8, -1/74 HPs)
             Began as a Troll Monk on May 22, 2019.
             Was a Priest of Okawaru.
             Shot with an arrow by a centaur (20 damage)
             ... on level 6 of the Dungeon.
             The game lasted 00:07:50 (4445 turns).

Mrkan the Grappler (Troll Monk)                     Turns: 4445, Time: 00:07:51

Health: -1/74      AC:  6    Str: 20    XL:     8   Next: 23%
Magic:  7/7        EV:  6    Int:  6    God:    Okawaru [***...]
Gold:   281        SH: 12    Dex: 14    Spells: 7/7 levels left

rFire    . . .     SeeInvis .     - Unarmed
rCold    . . .     Gourm    +   c - +0 large shield
rNeg     . . .     Faith    .   a - +0 robe
rPois    .         Spirit   .   (helmet restricted)
rElec    .         Reflect  .   (no cloak)
rCorr    .         Harm     .   (gloves unavailable)
MR       .....                  (boots unavailable)
Stlth    ++........             (no amulet)
HPRegen  0.62/turn              (no ring)
MPRegen  0.10/turn              (no ring)

@: no status effects
A: large, unfitting armour, claws 3, fast metabolism 3, gourmand, regeneration
1, shaggy fur 1, tough skin 3
a: Heroism, Renounce Religion


You were on level 6 of the Dungeon.
You worshipped Okawaru.
Okawaru was most pleased with you.
You were very full.

You visited 1 branch of the dungeon, and saw 6 of its levels.

You collected 281 gold pieces.

Inventory:

Missiles
 o - 83 stones (quivered)
Armour
 a - a +0 robe (worn)
 c - a +0 large shield (worn)
Jewellery
 k - an uncursed ring of resist corrosion {unknown}
Scrolls
 g - a scroll of fear {unknown}
 h - a scroll of magic mapping {unknown}
 j - 2 scrolls of enchant armour {unknown}
 l - a scroll of noise {unknown}
 p - a scroll of teleportation {unknown}
 q - 6 scrolls of identify {unknown}
 r - a scroll of fog {unknown}
 s - 3 scrolls of blinking {unknown}
 v - a scroll of vulnerability {unknown}
Potions
 d - a potion of lignification {unknown}
 e - 3 potions of curing {unknown}
 f - 2 potions of heal wounds {unknown}
 i - a potion of agility
 m - 4 potions of degeneration {unknown}
 n - 2 potions of haste {unknown}
 t - a potion of mutation {unknown}
 u - a potion of flight {unknown}
Comestibles
 b - 8 rations


   Skills:
 - Level 2.4 Fighting
 - Level 2.4 Dodging
 - Level 1.0 Stealth
 * Level 1.4 Shields
 - Level 10.0 Unarmed Combat
 + Level 1.0 Invocations


You had 7 spell levels left.
You didn't know any spells.
Your spell library was empty.

Dungeon Overview and Level Annotations

Branches:
Dungeon (6/15)             Temple (0/1) D:5

Altars:
Ashenzari
Okawaru
Trog
Yredelemnul

Annotations:
D:5 3 runed translucent doors, brittlin's ghost, novice DrIE
D:6 Blork the orc


Innate Abilities, Weirdness & Mutations

You are too large for most types of armour.
You have claws for hands.
Your metabolism is lightning-fast.
You like to eat raw meat.
Your natural rate of healing is unusually fast.
You are covered in fur. (AC +1)
You have extremely tough skin. (AC +3)


Message History

The gnoll is almost dead.
You block the gnoll's attack.
The centaur hits you but does no damage.
The gnoll hits you.
* * * LOW HITPOINT WARNING * * *
You block the gnoll's attack. You block the centaur's attack.
A bullfrog comes into view.
The gnoll barely misses you. x2; You block the centaur's attack.
Things that are here:
an arrow; a scroll labeled CIAPSE GEHO The bullfrog gives a loud, deep croak!
The centaur wields a +0 shortbow.
The centaur shoots an arrow.
You block the arrow.
The ball python bites you but does no damage.
You block the gnoll's attack.
You see here an arrow.
You block the ball python's attack.
The centaur shoots an arrow.
The arrow hits you!!
You die...

#.......
#......
....###
#)....#
#F....#
#g.g..#
#g.c..#
#S....#
#@....#
#.....#
#.<...#
#.....#
#######


You could see a bullfrog, a centaur, 3 gnolls and a ball python.

Vanquished Creatures
  Eustachio (D:4)
  A sky beast (D:5)
  2 eyes of draining (D:5)
  An ogre (D:5)
  A centaur (D:5)
  A howler monkey (D:4)
  5 hounds
  2 orc priests
  A centaur skeleton (D:4)
  A centaur zombie (D:5)
  A jelly (D:5)
  2 orc wizards (D:5)
  4 worker ants
  6 adders
  A gnoll (D:6)
  A howler monkey skeleton (D:3)
  A shadow imp (D:5)
  3 dart slugs
  5 leopard geckos
  13 orcs
  5 giant cockroaches
  5 goblins
  3 hobgoblins
  7 jackals
  A quokka (D:4)
  A ball python (D:2)
  7 bats
  7 frilled lizards
  A giant cockroach zombie (D:5)
  A jackal zombie (D:5)
  4 kobolds
  8 rats
103 creatures vanquished.

Notes
Turn   | Place    | Note
-------+----------+-------------------------------------------
     0 | D:1      | Mrkan the Troll Monk began the quest for the Orb.
     0 | D:1      | Reached XP level 1. HP: 22/22 MP: 0/0
   206 | D:1      | Reached XP level 2. HP: 29/29 MP: 1/1
   757 | D:2      | Reached skill level 4 in Unarmed Combat
   959 | D:2      | Reached XP level 3. HP: 36/36 MP: 2/2
  1060 | D:2      | You fall through a shaft for 2 floors!
  1092 | D:4      | Reached skill level 5 in Unarmed Combat
  1092 | D:4      | Reached XP level 4. HP: 36/44 MP: 3/3
  1220 | D:3      | Reached XP level 5. HP: 50/50 MP: 4/4
  1301 | D:2      | Found an iron altar of Okawaru.
  1308 | D:2      | Became a worshipper of Warmaster Okawaru
  1308 | D:2      | Reached * piety under Okawaru
  1308 | D:2      | Reached ** piety under Okawaru
  1312 | D:2      | Reached skill level 6 in Unarmed Combat
  1724 | D:3      | Found a basalt altar of Yredelemnul.
  2071 | D:3      | Found a shattered altar of Ashenzari.
  2968 | D:4      | Reached XP level 6. HP: 39/59 MP: 5/5
  3038 | D:4      | Noticed Eustachio
  3087 | D:4      | Killed Eustachio
  3087 | D:4      | Reached skill level 7 in Unarmed Combat
  3277 | D:4      | Reached skill level 8 in Unarmed Combat
  3307 | D:4      | Reached XP level 7. HP: 64/66 MP: 6/6
  3577 | D:5      | Entered Level 5 of the Dungeon
  3664 | D:5      | Found a runed translucent gate.
  3664 | D:5      | Found a runed translucent gate.
  3664 | D:5      | Found a runed translucent gate.
  3665 | D:5      | Noticed brittlin's ghost (novice DrIE)
  3744 | D:5      | Found a staircase to the Ecumenical Temple.
  3802 | D:5      | Reached skill level 9 in Unarmed Combat
  3938 | D:5      | Reached *** piety under Okawaru
  4028 | D:5      | Reached XP level 8. HP: 51/74 MP: 7/7
  4047 | D:5      | Reached skill level 10 in Unarmed Combat
  4153 | D:5      | Found a bloodstained altar of Trog.
  4159 | D:5      | Reached skill level 1 in Shields
  4242 | D:5      | Reached skill level 1 in Invocations
  4427 | D:6      | Noticed Blork the orc
  4445 | D:6      | Shot with an arrow by a centaur

Skill      XL: |  1  2  3  4  5  6  7  8 |
---------------+-------------------------+-----
Unarmed Combat | 4 5 6 8 9 10 | 10.0
Shields        | 1 |  1.4
Invocations    | 1 |  1.0
Fighting       | |  2.4
Dodging        | |  2.4
Stealth        | |  1.0

Action                   |  1- 3 |  4- 6 |  7- 9 || total
-------------------------+-------+-------+-------++-------
Melee: Unarmed           |    77 |   157 |    86 ||   320
Invok: Heroism           |       |     1 |       ||     1
 Stab: Sleeping          |     4 |     4 |     3 ||    11
       Distracted        |       |       |     1 ||     1
  Eat: Chunk             |    16 |    20 |     9 ||    45
Armor: Robe              |    25 |    58 |    20 ||   103
Dodge: Dodged            |    12 |    39 |    14 ||    65
Block: Large shield      |    40 |    94 |    48 ||   182
